 Dungeon Crawl Stone Soup version 0.19.0-19-g8c6edcc (webtiles) character file.

63 Monsterracer the Chopper (level 3, -3/33 HPs)
             Began as a Deep Dwarf Fighter on Nov 14, 2016.
             Killed by nerve-wracking pain
             ... invoked by Grinder
              (10 damage)
             ... on level 3 of the Dungeon.
             The game lasted 00:06:47 (1854 turns).

Monsterracer the Chopper (Deep Dwarf Fighter)       Turns: 1854, Time: 00:06:48

Health: -3/33      AC:  6    Str: 17 (19) XL:     3   Next: 87%
Magic:  3/3        EV:  7    Int:  7 (8)  God:
Gold:   48         SH:  8    Dex: 10 (13) Spells: 0 memorised, 2 levels left

rFire  . . .     SeeInvis .     a - +0 war axe
rCold  . . .     Gourm    .     b - +0 scale mail
rNeg   . . .     Faith    .     c - +0 shield
rPois  .         Spirit   .     (no helmet)
rElec  .         Reflect  .     (no cloak)
rCorr  .         Harm     .     (no gloves)
MR     .....                    (no boots)
Stlth  ..........               h - amulet of rage
                                (no ring)
                                (no ring)

@: non-regenerating
A: damage resistance, recharge devices, sense surroundings 1, slow regeneration
3
a: Device Recharging, Evoke Berserk Rage


You were on level 3 of the Dungeon.
You were not hungry.

You visited 1 branch of the dungeon, and saw 3 of its levels.

You collected 48 gold pieces.

Inventory:

Hand Weapons
 a - a +0 war axe (weapon)
Armour
 b - a +0 scale mail (worn)
 c - a +0 shield (worn)
 j - a +0 pair of boots
Jewellery
 h - an amulet of rage (around neck)
Wands
 e - a wand of heal wounds (5/9)
Scrolls
 g - a scroll of blinking {unknown}
 i - a scroll of remove curse {unknown}
 k - 2 scrolls of recharging {unknown}
 l - 4 scrolls of identify {unknown}
Potions
 d - a potion of might
 m - a potion of haste
 o - a potion of curing
Comestibles
 f - 2 bread rations


   Skills:
 - Level 2.6 Fighting
 * Level 4.6 Axes
 - Level 3.2 Armour
 - Level 3.2 Shields
 + Level 0.0 Evocations


You had 2 spell levels left.
You didn't know any spells.

Dungeon Overview and Level Annotations

Branches:
Dungeon (3/15)

Altars:
Yredelemnul

Annotations:
D:3 Grinder


Innate Abilities, Weirdness & Mutations

You are resistant to damage.
You can recharge devices by infusing magical energy.
You passively map a small area around you.
You do not regenerate.


Message History

Pain shoots through your body!
Your shield and scale mail prevent you from hitting Grinder.
Grinder is moderately wounded.
Grinder gestures at you. Pain shoots through your body!
You hit Grinder.
Grinder is moderately wounded.
Grinder hits you.
You writhe in agony.
* * * LOW HITPOINT WARNING * * *
Your magical contamination has completely faded away.
You are too injured to fight recklessly!
You are too injured to fight recklessly!
You closely miss Grinder.
Grinder is moderately wounded.
Grinder barely misses you. You block Grinder's attack.
You closely miss Grinder.
Grinder is moderately wounded.
Grinder gestures at you. Pain shoots through your body!
You die...

#.# ,
#######.#########
,.........##.....##
###..............##
,
#.......$.....$..#
,
#................#
*
#...........>....#
#..............[.#
#........5@......#
#................#
##..............##
##.....##.....##
##############


You could see Grinder.

Vanquished Creatures
  3 adders
  An ooze (D:3)
  A worm (D:3)
  A dart slug (D:2)
  A leopard gecko (D:2)
  2 giant cockroaches
  3 goblins
  5 hobgoblins
  A kobold (D:1)
  5 bats
  A frilled lizard (D:3)
  2 rats
  2 bushes (D:1)
  3 plants (D:1)
31 creatures vanquished.

Notes
Turn   | Place    | Note
-------+----------+-------------------------------------------
     0 | D:1      | Monsterracer the Deep Dwarf Fighter began the quest for the Orb.
     0 | D:1      | Reached XP level 1. HP: 20/20 MP: 1/1
   361 | D:1      | You fall through a shaft!
   492 | D:1      | Reached skill level 3 in Axes
   492 | D:1      | Reached XP level 2. HP: 27/27 MP: 2/2
  1197 | D:2      | Reached skill level 4 in Axes
  1197 | D:2      | Reached XP level 3. HP: 30/33 MP: 3/3
  1719 | D:3      | Found a basalt altar of Yredelemnul.
  1837 | D:3      | Noticed Grinder
  1854 | D:3      | Killed from afar by Grinder

Skill      XL: |  1  2 |
---------------+-------+-----
Axes           | 3 4 |  4.6
Fighting       | |  2.6
Armour         | |  3.2
Shields        | |  3.2

Action                   || total
-------------------------++-------
Melee: War axe           ||   238
  Use: Potion            ||     7
  Eat: Chunk             ||     4
Armor: Scale mail        ||    39
Dodge: Dodged            ||    20
Block: Shield            ||    53
